3127 views
Uploaded 2020-02-16 01:23:02
Game version 1.32 / 1.32.1
15:21 long 2on2 ladder game on (4)HillsbradCreek
Saved by Grim
3127 views
Uploaded 2020-02-16 01:23:02
Game version 1.32 / 1.32.1
15:21 long 2on2 ladder game on (4)HillsbradCreek

41 units @ 6.7k
/ 0.5k
29 buildings @ 4.6k
/ 2k


| Healing Salve | 1 | 100 |
| Potion of Healing | 1 | 150 |
| Potion of Mana | 1 | 200 |
| total: | 3 | 450g |
| Peon | 7 | 525 | / | 0 |
| Grunt | 14 | 2800 | / | 0 |
| total: | 21 | 3325g | / | 0w |
| Altar of Storms | 1 | 180 | / | 50 |
| Orc Burrow | 9 | 1440 | / | 360 |
| Barracks | 1 | 180 | / | 50 |
| Voodoo Lounge | 1 | 130 | / | 30 |
| War Mill | 1 | 205 | / | 0 |
| Beastiary | 1 | 145 | / | 140 |
| Tauren Totem | 2 | 270 | / | 310 |
| Spirit Lodge | 1 | 150 | / | 150 |
| Stronghold | 1 | 315 | / | 190 |
| Fortress | 1 | 325 | / | 190 |
| total: | 17 | 2700g | / | 1090w |
| 0:03 | Peon |
| 0:03 | Peon |
| 0:12 | Altar of Storms |
| 0:17 | Orc Burrow |
| 0:32 | Peon |
| 0:40 | Barracks |
| 0:55 | Peon |
| 0:59 | Peon |
| 1:05 | Peon |
| 1:35 | Orc Burrow |
| 1:38 | Peon |
| 1:45 | Grunt |
| 2:01 | Voodoo Lounge |
| 2:05 | Pillage |
| 2:15 | Wind Walk |
| 2:27 | Grunt |
| 2:49 | Orc Burrow |
| 2:59 | Grunt |
| 3:43 | Stronghold |
| 3:48 | Critical Strike |
| 3:54 | War Mill |
| 4:02 | Healing Salve |
| 4:20 | Grunt |
| 4:51 | Orc Burrow |
| 5:06 | Grunt |
| 5:53 | Orc Burrow |
| 5:54 | Steel Melee Weapons |
| 6:12 | Berserker Strength |
| 7:00 | Grunt |
| 7:09 | Healing Wave |
| 7:12 | Wind Walk |
| 7:39 | Grunt |
| 7:45 | Beastiary |
| 7:57 | Grunt |
| 8:02 | Grunt |
| 8:41 | Orc Burrow |
| 8:52 | Orc Burrow |
| 8:57 | Orc Burrow |
| 9:04 | Steel Armor |
| 10:29 | Fortress |
| 10:30 | Grunt |
| 11:06 | Hex |
| 11:38 | Tauren Totem |
| 11:45 | Tauren Totem |
| 11:57 | Spirit Lodge |
| 12:04 | Orc Burrow |
| 12:05 | Grunt |
| 12:18 | Grunt |
| 13:05 | Grunt |
| 13:19 | Grunt |
| 14:24 | Potion of Healing |
| 14:25 | Potion of Mana |
| Right click | 787 |
| Select | 207 |
| Select group | 91 |
| Build/train/purchase | 55 |
| Use ability | 15 |
| Assign group | 14 |
| Minimap ping | 3 |
| Remove unit | 2 |



| Rod of Necromancy | 3 | 450 |
| Orb of Corruption | 1 | 375 |
| Potion of Healing | 1 | 150 |
| Scroll of Town Portal | 1 | 350 |
| Potion of Lesser Invulnerability | 1 | 150 |
| total: | 7 | 1475g |
| Acolyte | 2 | 150 | / | 0 |
| Ghoul | 6 | 720 | / | 0 |
| Crypt Fiend | 9 | 1935 | / | 360 |
| Obsidian Statue | 3 | 600 | / | 105 |
| total: | 20 | 3405g | / | 465w |
| Crypt | 1 | 200 | / | 50 |
| Altar of Darkness | 1 | 180 | / | 50 |
| Ziggurat | 5 | 750 | / | 250 |
| Graveyard | 1 | 215 | / | 0 |
| Tomb of Relics | 1 | 130 | / | 30 |
| Slaughterhouse | 1 | 140 | / | 135 |
| Sacrificial Pit | 1 | 75 | / | 150 |
| Boneyard | 1 | 175 | / | 200 |
| Halls of the Dead | 2 | 640 | / | 420 |
| Black Citadel | 2 | 650 | / | 460 |
| total: | 12 | 1865g | / | 865w |
| 0:03 | Acolyte |
| 0:07 | Crypt |
| 0:10 | Altar of Darkness |
| 0:17 | Acolyte |
| 0:32 | Ziggurat |
| 0:56 | Graveyard |
| 1:08 | Ghoul |
| 1:23 | Tomb of Relics |
| 1:36 | Ghoul |
| 1:51 | Ziggurat |
| 2:20 | Crypt Fiend |
| 2:23 | Death Coil |
| 2:26 | Rod of Necromancy |
| 2:56 | Crypt Fiend |
| 3:27 | Halls of the Dead |
| 3:40 | Crypt Fiend |
| 3:40 | Crypt Fiend |
| 4:02 | Rod of Necromancy |
| 4:15 | Unholy Aura |
| 4:18 | Crypt Fiend |
| 4:46 | Ghoul |
| 4:48 | Ziggurat |
| 5:49 | Slaughterhouse |
| 5:53 | Ziggurat |
| 5:58 | Burrow |
| 6:34 | Black Citadel |
| 6:44 | Frost Armor |
| 6:45 | Rod of Necromancy |
| 7:11 | Death Coil |
| 7:21 | Obsidian Statue |
| 7:29 | Ghoul |
| 7:29 | Ghoul |
| 8:00 | Crypt Fiend |
| 8:11 | Obsidian Statue |
| 8:41 | Scroll of Town Portal |
| 9:06 | Destroyer Form |
| 9:16 | Ziggurat |
| 9:38 | Crypt Fiend |
| 10:11 | Frost Nova |
| 10:16 | Howl of Terror |
| 10:32 | Creature Attack |
| 11:41 | Sacrificial Pit |
| 11:52 | Improved Creature Attack |
| 11:54 | Ghoul |
| 12:03 | Potion of Lesser Invulnerability |
| 12:18 | Orb of Corruption |
| 13:31 | Cleaving Attack |
| 13:44 | Crypt Fiend |
| 14:05 | Potion of Healing |
| 14:43 | Crypt Fiend |
| 14:44 | Obsidian Statue |
| 14:47 | Boneyard |
| 14:49 | Death Pact |
| 15:15 | Frost Nova |
| Right click | 1240 |
| Select group | 739 |
| Assign group | 380 |
| Select | 250 |
| Build/train/purchase | 93 |
| Use ability | 39 |
| Minimap ping | 15 |
| Misc. action | 6 |
| Chat | 4 |
| Item give/drop | 1 |
43 units @ 7.2k
/ 1.1k
29 buildings @ 3.6k
/ 1.3k


| Scroll of Regeneration | 1 | 100 |
| Potion of Healing | 1 | 150 |
| Scroll of Town Portal | 1 | 350 |
| total: | 3 | 600g |
| Peasant | 8 | 600 | / | 0 |
| Rifleman | 14 | 2870 | / | 420 |
| Footman | 1 | 135 | / | 0 |
| Sorceress | 2 | 310 | / | 40 |
| total: | 25 | 3915g | / | 460w |
| Scout Tower | 1 | 30 | / | 20 |
| Arcane Tower | 1 | 70 | / | 50 |
| Blacksmith | 1 | 140 | / | 60 |
| Barracks | 1 | 160 | / | 60 |
| Altar of Kings | 1 | 180 | / | 50 |
| Farm | 10 | 800 | / | 200 |
| Lumber Mill | 1 | 120 | / | 0 |
| Arcane Vault | 1 | 130 | / | 30 |
| Arcane Sanctum | 1 | 150 | / | 140 |
| Keep | 1 | 320 | / | 210 |
| Castle | 1 | 360 | / | 210 |
| total: | 17 | 1710g | / | 560w |
| 0:03 | Peasant |
| 0:10 | Peasant |
| 0:21 | Peasant |
| 0:35 | Peasant |
| 0:46 | Blacksmith |
| 0:52 | Barracks |
| 0:55 | Altar of Kings |
| 0:58 | Farm |
| 1:06 | Farm |
| 1:10 | Peasant |
| 1:18 | Peasant |
| 1:28 | Peasant |
| 1:59 | Rifleman |
| 2:02 | Peasant |
| 2:14 | Farm |
| 2:21 | Scout Tower |
| 2:28 | Rifleman |
| 2:45 | Farm |
| 2:48 | Farm |
| 2:52 | Arcane Tower |
| 2:59 | Holy Light |
| 3:21 | Rifleman |
| 3:37 | Black Gunpowder |
| 3:43 | Keep |
| 3:48 | Lumber Mill |
| 4:07 | Rifleman |
| 4:17 | Devotion Aura |
| 4:20 | Refined Gunpowder |
| 4:33 | Arcane Vault |
| 5:01 | Studded Leather Armor |
| 5:02 | Rifleman |
| 5:05 | Farm |
| 5:29 | Rifleman |
| 6:25 | Farm |
| 6:29 | Long Rifles |
| 7:27 | Scroll of Regeneration |
| 7:29 | Potion of Healing |
| 7:31 | Scroll of Town Portal |
| 7:40 | Siphon Mana |
| 7:43 | Rifleman |
| 8:04 | Holy Light |
| 8:34 | Rifleman |
| 8:36 | Imbued Gunpowder |
| 8:41 | Arcane Sanctum |
| 9:32 | Rifleman |
| 9:34 | Reinforced Leather Armor |
| 9:34 | Rifleman |
| 9:37 | Farm |
| 9:38 | Improved Lumber Harvesting |
| 10:09 | Rifleman |
| 10:32 | Castle |
| 10:35 | Farm |
| 11:31 | Rifleman |
| 11:35 | Footman |
| 11:37 | Rifleman |
| 11:45 | Siphon Mana |
| 11:45 | Flame Strike |
| 12:02 | Sorceress |
| 12:04 | Sorceress |
| 12:05 | Farm |
| 12:40 | Sorceress Adept Training |
| 14:32 | Divine Shield |
| 15:14 | Rifleman |
| Right click | 627 |
| Select | 353 |
| Build/train/purchase | 52 |
| Use ability | 40 |
| Select group | 40 |
| Assign group | 34 |
| Misc. action | 9 |
| Remove unit | 2 |
| Item give/drop | 1 |
| Minimap ping | 1 |



| Rod of Necromancy | 1 | 150 |
| Potion of Healing | 1 | 150 |
| Scroll of Town Portal | 1 | 350 |
| total: | 3 | 650g |
| Acolyte | 3 | 225 | / | 0 |
| Ghoul | 3 | 360 | / | 0 |
| Crypt Fiend | 6 | 1290 | / | 240 |
| Obsidian Statue | 2 | 400 | / | 70 |
| Abomination | 4 | 960 | / | 280 |
| total: | 18 | 3235g | / | 590w |
| Crypt | 1 | 200 | / | 50 |
| Graveyard | 1 | 215 | / | 0 |
| Altar of Darkness | 1 | 180 | / | 50 |
| Ziggurat | 6 | 900 | / | 300 |
| Tomb of Relics | 1 | 130 | / | 30 |
| Slaughterhouse | 2 | 280 | / | 270 |
| Halls of the Dead | 1 | 320 | / | 210 |
| Black Citadel | 1 | 325 | / | 230 |
| total: | 12 | 1905g | / | 700w |
| 0:02 | Acolyte |
| 0:02 | Acolyte |
| 0:14 | Crypt |
| 0:20 | Graveyard |
| 0:41 | Altar of Darkness |
| 0:55 | Ziggurat |
| 1:13 | Tomb of Relics |
| 1:20 | Ghoul |
| 1:48 | Crypt Fiend |
| 2:00 | Ziggurat |
| 2:18 | Crypt Fiend |
| 2:44 | Death Coil |
| 2:45 | Rod of Necromancy |
| 2:56 | Crypt Fiend |
| 3:18 | Crypt Fiend |
| 3:51 | Unholy Aura |
| 4:02 | Halls of the Dead |
| 4:03 | Ghoul |
| 4:20 | Ghoul |
| 4:22 | Ziggurat |
| 4:43 | Ziggurat |
| 5:19 | Death Coil |
| 5:45 | Crypt Fiend |
| 5:48 | Creature Attack |
| 6:15 | Crypt Fiend |
| 6:28 | Slaughterhouse |
| 7:26 | Black Citadel |
| 7:29 | Frost Nova |
| 7:43 | Burrow |
| 8:30 | Obsidian Statue |
| 8:32 | Web |
| 8:36 | Scroll of Town Portal |
| 8:37 | Potion of Healing |
| 9:12 | Unholy Aura |
| 9:15 | Obsidian Statue |
| 9:43 | Ziggurat |
| 9:44 | Ziggurat |
| 10:13 | Slaughterhouse |
| 10:30 | Destroyer Form |
| 11:29 | Abomination |
| 11:31 | Unholy Armor |
| 11:48 | Frost Armor |
| 11:59 | Acolyte |
| 12:05 | Disease Cloud |
| 12:13 | Abomination |
| 13:08 | Abomination |
| 13:29 | Impale |
| 15:15 | Abomination |
| 15:19 | Frost Nova |
| Right click | 744 |
| Select | 244 |
| Build/train/purchase | 55 |
| Use ability | 30 |
| Select group | 11 |
| Minimap ping | 7 |
| Assign group | 5 |
โ